 Dungeon Crawl Stone Soup version 0.21.1-1-g345015fe64 (webtiles) character file.

711 LevaFresel the Quickloader (level 8, -1/48 HPs)
             Began as a Kobold Hunter on June 5, 2018.
             Was an Initiate of Dithmenos.
             Slain by a gnoll
             ... wielding a +0 spear
              (9 damage)
             ... on level 4 of the Dungeon.
             The game lasted 00:17:48 (2520 turns).

LevaFresel the Quickloader (Kobold Hunter)          Turns: 2520, Time: 00:17:49

Health: -1/48      AC:  6    Str: 11    XL:     8   Next: 0%
Magic:  8/8        EV: 13    Int: 13    God:    Dithmenos [......]
Gold:   160        SH:  0    Dex: 15    Spells: 7/7 levels left

rFire    . . .     SeeInvis .   b - +2 dagger (drain)
rCold    . . .     Gourm    .   (shield restricted)
rNeg     . . .     Faith    .   g - +0 scale mail
rPois    .         Spirit   .   (no helmet)
rElec    .         Reflect  .   (no cloak)
rCorr    .         Harm     .   (no gloves)
MR       .....                  (no boots)
Stlth    ..........             (no amulet)
HPRegen  0.16/turn              (no ring)
MPRegen  0.11/turn              (no ring)

@: hasted, very quick
A: small, carnivore
a: Renounce Religion


You were on level 4 of the Dungeon.
You worshipped Dithmenos.
Dithmenos was noncommittal.
You were not hungry.

You visited 1 branch of the dungeon, and saw 4 of its levels.

You collected 160 gold pieces.

Inventory:

Hand Weapons
 a - a +1 hand crossbow
 b - a +2 dagger of draining (weapon)
 n - a +3 spear of venom
 w - a +3 long sword
Missiles
 e - 128 stones (quivered)
Armour
 g - a +0 scale mail (worn)
Jewellery
 q - an uncursed ring of flight {unknown}
Wands
 o - a wand of acid (7)
Scrolls
 i - 2 scrolls of amnesia {unknown}
 j - a scroll of identify
 p - 2 scrolls of enchant armour {unknown}
 u - a scroll of teleportation {unknown}
 x - a scroll of remove curse {unknown}
Potions
 c - a potion of invisibility {unknown}
 h - 2 potions of haste
 k - a potion of lignification {unknown}
 l - a potion of magic {unknown}
 m - a potion of resistance {unknown}
 r - 2 potions of degeneration {unknown}
 s - a potion of brilliance {unknown}
 t - a potion of heal wounds {unknown}
 v - a potion of berserk rage {unknown}
Comestibles
 f - 4 rations


   Skills:
 + Level 4.9 Fighting
 * Level 8.5 Crossbows
 + Level 5.3 Dodging
 - Level 1.3 Stealth


You had 7 spell levels left.
You didn't know any spells.

Dungeon Overview and Level Annotations

Branches:
Dungeon (4/15)             Temple (0/1) D:4

Altars:
Dithmenos
Trog
Xom

Shops:
D:4 [::}


Innate Abilities, Weirdness & Mutations

You are small and have problems with some larger weapons.
You are carnivorous and can eat meat at any time.


Message History

The gnoll throws a throwing net.
The throwing net hits you.
You become entangled in the net!
Found a dagger.
Found a staircase to the Ecumenical Temple.
You see here a throwing net.
You tear a large gash into the net.
You cannot throw anything while held in a net.
You struggle against the net.
The gnoll hits you from afar with a spear! x2
* * * LOW HITPOINT WARNING * * *
The gnoll barely misses you.
It was a potion of haste.
You feel yourself speed up.
The gnoll hits you from afar with a spear.
* * * LOW HITPOINT WARNING * * *
The gnoll hits you but does no damage. x3
You shred the net and break free!
The gnoll hits you from afar with a spear.
* * * LOW HITPOINT WARNING * * *
The gnoll hits you from afar with a spear!
You die...

...........#..#
........#..(..#. .>).
........###(... ....
...###..##.(..# ⌠...⌠
...# #.##.#..# ...
...####....#..# ...
.....##...)#..####.#
..∩......))...g....#
...#<.........##@.###
...#######).(..gg.....#
...## #.#..g......[#
....# #.............#
8.8.# ##.[.########.#
.⌠..# #.>.. # ∩.8##
#.#... .⌠.# #.#(...
8.8... #.#(..g.


You could see 4 gnolls.

Vanquished Creatures
  Grinder (D:3)
  A scorpion (D:3)
  3 orc wizards
  3 orc priests (D:3)
  An iguana (D:4)
  2 worker ants (D:4)
  7 gnolls
  6 adders
  An ooze (D:2)
  4 dart slugs
  3 leopard geckos
  14 orcs
  3 giant cockroaches
  5 goblins
  4 hobgoblins
  4 jackals (D:1)
  6 kobolds
  2 ball pythons
  8 bats
  6 frilled lizards
  2 rats
86 creatures vanquished.

Notes
Turn   | Place    | Note
-------+----------+-------------------------------------------
     0 | D:1      | LevaFresel the Kobold Hunter began the quest for the Orb.
     0 | D:1      | Reached XP level 1. HP: 12/12 MP: 1/1
    28 | D:1      | Reached skill level 5 in Crossbows
    36 | D:1      | Reached XP level 2. HP: 17/18 MP: 2/2
   166 | D:1      | Reached XP level 3. HP: 22/22 MP: 3/3
   501 | D:2      | Found a shimmering altar of Xom.
   550 | D:2      | Reached XP level 4. HP: 27/27 MP: 4/4
   789 | D:2      | Reached skill level 6 in Crossbows
  1032 | D:3      | Reached XP level 5. HP: 31/32 MP: 5/5
  1084 | D:3      | Found a bloodstained altar of Trog.
  1086 | D:3      | Noticed Grinder
  1123 | D:3      | Paralysed by Grinder for 2 turns
  1125 | D:3      | Killed Grinder
  1125 | D:3      | Reached skill level 7 in Crossbows
  1125 | D:3      | Reached XP level 6. HP: 19/38 MP: 6/6
  1375 | D:3      | Reached XP level 7. HP: 39/43 MP: 7/7
  1892 | D:3      | Reached skill level 8 in Crossbows
  1892 | D:3      | Reached skill level 5 in Dodging
  1912 | D:3      | Found a shadowy altar of Dithmenos.
  1919 | D:3      | Became a worshipper of Dithmenos the Shadowed
  2306 | D:4      | Found Tesuneiz's Armour Emporium.
  2366 | D:4      | Found Juitzoig's Gadget Boutique.
  2400 | D:4      | Found Morhem's Book Boutique.
  2448 | D:4      | Found Sucw's Book Emporium.
  2491 | D:4      | Reached XP level 8. HP: 42/48 MP: 8/8
  2516 | D:4      | Found a staircase to the Ecumenical Temple.
  2520 | D:4      | Slain by a gnoll

Skill      XL: |  1  2  3  4  5  6  7 |
---------------+----------------------+-----
Crossbows      | 5 6 7 8 |  8.5
Dodging        | 3 4 5 |  5.3
Fighting       | 3 4 |  4.9
Stealth        | |  1.3

Action                   |  1- 3 |  4- 6 |  7- 9 || total
-------------------------+-------+-------+-------++-------
Melee: Short sword       |    10 |    10 |       ||    20
       Dagger            |       |       |    18 ||    18
 Fire: Hand crossbow     |    40 |    76 |    98 ||   214
Throw: Stone             |       |       |     7 ||     7
  Use: Scroll            |       |       |     1 ||     1
       Potion            |       |       |     1 ||     1
  Eat: Chunk             |       |     1 |     4 ||     5
Armor: Leather armour    |     5 |    11 |       ||    16
       Scale mail        |       |       |    20 ||    20
Dodge: Dodged            |    23 |    48 |    31 ||   102
